 Dungeon Crawl Stone Soup version 0.31-a0-507-gbafd7f5274 (webtiles) character file.

Game seed: 16398640967747111072

81 senseless the Changeling (level 4, 0/29 HPs)
             Began as an Octopode Shapeshifter on Aug 9, 2023.
             Killed by divine providence
             ... invoked by an orc priest
              (10 damage)
             ... on level 2 of the Dungeon.
             The game lasted 00:03:54 (1419 turns).

senseless the Changeling (Octopode Shapeshifter)    Turns: 1419, Time: 00:03:54

Health: 0/29       AC:  1    Str: 16    XL:     4   Next: 42%
Magic:  4/4        EV: 13    Int: 16    God:
Gold:   119        SH:  0    Dex: 12    Spells: 3/3 levels left

rFire   . .          .
                       - Unarmed
rCold   . . .        (no shield)
rNeg    . . .        (helmet currently unavailable)
rPois   .            (no amulet)
rElec   .            j - +6 ring of intelligence
rCorr   .            (no ring)
SInv    .            (no ring)
Will    .....        (no ring)
Stlth   +++          (no ring)
HPRegen 0.24/turn    (no ring)
MPRegen 0.09/turn    (no ring)
                     (no ring)

%: no passive effects
@: beast-form
A: beast (slay +2), almost no armour, amphibious, 8 rings, camouflage 1,
gelatinous body 1, (nimble swimmer 1), tentacles
a: Begin Untransformation


You were on level 2 of the Dungeon.
You were a hulking beast.
You visited 1 branch of the dungeon, and saw 2 of its levels.

You collected 119 gold pieces.

Inventory:

Hand Weapons
 a - a +2 sling of draining
 m - a +1 heavy hand axe
Jewellery
 j - a +6 ring of intelligence (left tentacle)
Talismans
 b - a beast talisman (active)
 c - a flux talisman
Scrolls
 d - 2 scrolls of identify {unknown}
 h - a scroll of teleportation {unknown}
 i - a scroll of immolation {unknown}
Potions
 e - a potion of lignification
 f - a potion of haste {unknown}
 k - a potion of magic {unknown}
 l - a potion of degeneration {unknown}


   Skills:
 + Level 1.8 Fighting
 + Level 2.6 Dodging
 + Level 1.9 Stealth
 + Level 3.4 Unarmed Combat
 * Level 3.5 Shapeshifting


You had 3 spell levels left.
You didn't know any spells.
Your spell library contained the following spells:

 Spells                   Type           Power      Damage    Failure   Level
 Ensorcelled Hibernation  Hex/Ice        0%         N/A       36%         2
 Anguish                  Hex/Necr       0%         N/A       94%         4


Dungeon Overview and Level Annotations

Branches:
Dungeon (2/15)

Altars:
Hepliaklqana


Innate Abilities, Weirdness & Mutations

You are a hulking beast.
Your limbs bulge with bestial killing power. (Slay +2)
You cannot wear most types of armour.
You are amphibious.
You can wear up to eight rings at the same time.
Your skin changes colour to match your surroundings (Stealth+).
Your rubbery body absorbs attacks. (AC +1, EV +1)
((You are camouflaged when in or above water. (Stealth+)))
You have tentacles for arms and can constrict up to eight enemies at once.


Message History

You now have 119 gold pieces (gained 8).
There is an open door here.
You see here an adder corpse.
You open the door.
There is an open door here.
A kobold comes into view. It is wielding a +0 dagger.
You shoot a sling bullet. The sling bullet hits the kobold!
You kill the kobold!
Found a leather armour.
Found a stone staircase leading up.
A quokka comes into view.
You shoot a sling bullet. The sling bullet hits the quokka!
You kill the quokka!
An endoplasm comes into view.
Found a stone staircase leading up.
An endoplasm is nearby!
You shoot a sling bullet. The sling bullet hits the endoplasm.
You drain the endoplasm.
You kill the endoplasm!
An orc, an orc priest and an adder come into view.
You shoot a sling bullet.
The sling bullet hits the orc but does no damage.
The orc shouts!
You hear a shout!
The adder hisses angrily.
The orc priest invokes the aid of Beogh against you.
Beogh smites you!
You are now empty-tentacled.
You tentacle-slap the orc but do no damage.
Your grab misses the orc. Your squeeze misses the orc.
The orc barely misses you.
You closely miss the orc. Your grab misses the orc.
The orc hits you with a +0 mace.
You are too injured to fight recklessly!
You tentacle-slap the orc. Your grab misses the orc. You squeeze the orc.
You kill the orc!
You closely miss the orc priest. Your grab misses the orc priest.
You squeeze the orc priest.
The orc priest is moderately wounded.
The orc priest invokes the aid of Beogh against you.
Beogh smites you!
You die...

#### ##### ...# ....# #.
##.# #. .... ... #.#####
#.. #..# .. ##.#...#
#..##..##.# ...>...#
#..#...oS.#
##.....####.....h#
#...†.....##.....######.
..........####..........
#...<.....# #........###
####...#### #..#####.#
##...# #.....# #
###....# #.###.##
#......######.##...#.
..................<..


You could see an orc priest and an adder.

Vanquished Creatures
  4 adders (D:2)
  A dart slug (D:1)
  An orc (D:2)
  3 ball pythons (D:1)
  6 endoplasms
  2 giant cockroaches (D:1)
  8 goblins
  3 hobgoblins (D:1)
  2 quokkas
  2 bats
  3 frilled lizards
  3 kobolds
  3 rats (D:1)
41 creatures vanquished.

Notes
Turn   | Place    | Note
-------+----------+-------------------------------------------
     0 | D:1      | senseless the Octopode Shapeshifter began the quest for the
                  | Orb.
     0 | D:1      | Reached XP level 1. HP: 13/13 MP: 1/1
   199 | D:1      | Reached XP level 2. HP: 16/18 MP: 2/2
   415 | D:1      | Found a hazy altar of Hepliaklqana.
   427 | D:1      | Reached skill level 1 in Stealth
   519 | D:1      | Reached XP level 3. HP: 23/23 MP: 3/3
  1210 | D:2      | Reached XP level 4. HP: 23/29 MP: 4/4
  1419 | D:2      | Killed from afar by an orc priest

Illustrated notes

Levels and vault maps discovered:
D:1:      scummos_arrival_simple_crosswalls, layout_basic, minmay_hexomino_r4
D:2:      layout_loops_corners, kennysheep_minor_cross,
          chequers_serial_rivers_room_b

Skill      XL: |  1  2 |
---------------+-------+-----
Stealth        | 1 |  1.9
Fighting       | |  1.8
Dodging        | |  2.6
Unarmed Combat | |  3.4
Shapeshifting  | |  3.5

Action                     |  1- 3 |  4- 6 || total
---------------------------+-------+-------++-------
  Melee: Unarmed           |    34 |    10 ||    44
         Constrict         |     8 |     2 ||    10
         Tentacles         |     5 |     3 ||     8
         Punch             |     1 |       ||     1
   Fire: Sling             |    29 |     7 ||    36
   Stab: Sleeping          |     3 |       ||     3
  Dodge: Dodged            |    16 |     5 ||    21

Table legend: (Time is in decaauts)
 A = Elapsed time spent in this place.
 B = Non-inter-level travel time spent in this place.
 C = Inter-level travel time spent in this place.
 D = Time resting spent in this place.
 E = Time spent auto-exploring this place.
 F = Levels seen in this place.
 G = Mean time per level.
                   A        B        C        D        E       F      G
               +--------+--------+--------+--------+--------+-----+--------+
         Total |   1414 |   1382 |     32 |      0 |   1155 |   2 |  707.0 |
       Dungeon |   1414 |   1382 |     32 |      0 |   1155 |   2 |  707.0 |
               +--------+--------+--------+--------+--------+-----+--------+

Top non-repeatable levels by time:
     D:1: 734 daAuts
     D:2: 679 daAuts
